TOP OF THE 1ST |
Harrisburg Harriers batting - Pitching for Alameda Airmen : LHP Finn Wuilink
|
Pitching: LHP Finn Wuilink
|
|
Batting: RHB Bartolo Morales
|
0-0: Ball 1-0: Called Strike 1-1: Foul Ball, location: 2F 1-2: Strikes out swinging
|
Batting: LHB Eric Porter
|
0-0: Called Strike 0-1: Foul Ball, location: 2F 0-2: Ball 1-2: Strikes out swinging
|
Batting: RHB Keith MacKey
|
0-0: Foul Ball, location: 2F 0-1: Ball 1-1: Ground out 6-3 (Groundball, 6)
|
Top of the 1st over - 0 run(s), 0 hit(s), 0 error(s), 0 left on base; Harrisburg 0 - Alameda 0 |
BOTTOM OF THE 1ST |
Alameda Airmen batting - Pitching for Harrisburg Harriers : LHP Jeff Schneider
|
Pitching: LHP Jeff Schneider
|
|
Batting: RHB Edgar García
|
0-0: Bunted foul 0-1: Swinging Strike 0-2: SINGLE (Groundball, 56D)
|
Batting: RHB António Delgado
|
0-0: Ball 1-0: Called Strike 1-1: Fielders Choice at 2nd, 3-6 (Groundball, 3)
|
Batting: RHB William Miles
|
0-0: Ball 1-0: Swinging Strike 1-1: Ball 2-1: Called Strike 2-2: Ground out 5-3 (Groundball, 5S) António Delgado to second
|
Batting: SHB Burton Storey
|
0-0: Foul Ball, location: 2F 0-1: Ball 1-1: Swinging Strike 1-2: Foul Ball, location: 2F 1-2: Fly out, F3 (Popup, 34S)
|
Bottom of the 1st over - 0 run(s), 1 hit(s), 0 error(s), 1 left on base; Harrisburg 0 - Alameda 0 |
TOP OF THE 2ND |
Harrisburg Harriers batting - Pitching for Alameda Airmen : LHP Finn Wuilink
|
Batting: RHB Martín Álvarez
|
0-0: Foul Ball, location: 2F 0-1: Called Strike 0-2: Ball 1-2: Foul Ball, location: 2F 1-2: Strikes out looking
|
Batting: RHB Patrizio Vanali
|
0-0: Called Strike 0-1: Swinging Strike 0-2: Foul Ball, location: 2F 0-2: Strikes out swinging
|
Batting: RHB Bartolo Benítez
|
0-0: Foul Ball, location: 2F 0-1: Foul Ball, location: 2F 0-2: Fly out, F8 (Flyball, 8LM)
|
Top of the 2nd over - 0 run(s), 0 hit(s), 0 error(s), 0 left on base; Harrisburg 0 - Alameda 0 |
BOTTOM OF THE 2ND |
Alameda Airmen batting - Pitching for Harrisburg Harriers : LHP Jeff Schneider
|
Batting: RHB Gabriel Juárez
|
0-0: Called Strike 0-1: Foul Ball, location: 2F 0-2: Foul Ball, location: 2F 0-2: Ball 1-2: DOUBLE (Flyball, 9LM)
|
Batting: RHB Juan Márquez
|
0-0: Ball 1-0: Fly out, F8 (Flyball, 8RM)
|
Batting: RHB Manuel Martínez
|
0-0: Called Strike 0-1: Fly out, F4 (Line Drive, 4MD)
|
Batting: RHB Marco Altichioro
|
0-0: Called Strike 0-1: Ball 1-1: Ground out 6-3 (Groundball, 6)
|
Bottom of the 2nd over - 0 run(s), 1 hit(s), 0 error(s), 1 left on base; Harrisburg 0 - Alameda 0 |
TOP OF THE 3RD |
Harrisburg Harriers batting - Pitching for Alameda Airmen : LHP Finn Wuilink
|
Batting: RHB Jim Scott
|
0-0: Foul Ball, location: 2F 0-1: Ball 1-1: Called Strike 1-2: Strikes out swinging
|
Batting: RHB Mike Greene
|
0-0: Called Strike 0-1: Swinging Strike 0-2: Strikes out swinging
|
Batting: RHB Robbie Chambers
|
0-0: Fly out, F8 (Flyball, 89M)
|
Top of the 3rd over - 0 run(s), 0 hit(s), 0 error(s), 0 left on base; Harrisburg 0 - Alameda 0 |
BOTTOM OF THE 3RD |
Alameda Airmen batting - Pitching for Harrisburg Harriers : LHP Jeff Schneider
|
Batting: RHB José Cervantes
|
0-0: Ball 1-0: Ball 2-0: SINGLE (Line Drive, 78S)
|
Batting: RHB Edgar García
|
0-0: Called Strike 0-1: Foul Ball, location: 2F 0-2: SINGLE (Groundball, 34S) José Cervantes to second Runner from 2nd tries for 3rd, SAFE, no throw or cutoff
|
Batting: RHB António Delgado
|
0-0: Ball 1-0: Foul Ball, location: 2F 1-1: Ball 2-1: Foul Ball, location: 2F 2-2: Ball 3-2: Base on Balls Edgar García to second
|
Batting: RHB William Miles
|
0-0: Foul Ball, location: 2F 0-1: Hit by Pitch José Cervantes scores Edgar García to third António Delgado to second
|
Batting: SHB Burton Storey
|
0-0: Called Strike 0-1: Grounds into double play, 6-4-3 (Groundball, 6) Edgar García scores António Delgado to third
|
Batting: RHB Gabriel Juárez
|
0-0: Called Strike 0-1: Swinging Strike 0-2: Strikes out swinging
|
Bottom of the 3rd over - 2 run(s), 2 hit(s), 0 error(s), 1 left on base; Harrisburg 0 - Alameda 2 |
TOP OF THE 4TH |
Harrisburg Harriers batting - Pitching for Alameda Airmen : LHP Finn Wuilink
|
Batting: RHB Bartolo Morales
|
0-0: Ball 1-0: Bunt missed! 1-1: Foul Ball, location: 2F 1-2: Ball 2-2: Foul Ball, location: 2F 2-2: Ball 3-2: Strikes out swinging
|
Batting: LHB Eric Porter
|
0-0: Ball 1-0: Foul Ball, location: 2F 1-1: Foul Ball, location: 2F 1-2: Strikes out swinging
|
Batting: RHB Keith MacKey
|
0-0: Called Strike 0-1: Swinging Strike 0-2: Ball 1-2: Foul Ball, location: 2F 1-2: Ball 2-2: Ball 3-2: Fly out, F8 (Flyball, 8LM)
|
Top of the 4th over - 0 run(s), 0 hit(s), 0 error(s), 0 left on base; Harrisburg 0 - Alameda 2 |
BOTTOM OF THE 4TH |
Alameda Airmen batting - Pitching for Harrisburg Harriers : LHP Jeff Schneider
|
Batting: RHB Juan Márquez
|
0-0: Ball 1-0: Foul Ball, location: 2F 1-1: Ball 2-1: Swinging Strike 2-2: Foul Ball, location: 2F 2-2: Ball 3-2: Foul Ball, location: 2F 3-2: Base on Balls
|
Batting: RHB Manuel Martínez
|
0-0: Fly out, F9 (Flyball, 89S)
|
Batting: RHB Marco Altichioro
|
0-0: Ball 1-0: Ball 2-0: Ball 3-0: Base on Balls Juan Márquez to second
|
Batting: RHB José Cervantes
|
0-0: Swinging Strike 0-1: Foul Ball, location: 2F 0-2: Ball 1-2: Ball 2-2: Fielders Choice at 2nd, 6-4 (Groundball, 6) Juan Márquez to third
|
Batting: RHB Edgar García
|
0-0: Ball 1-0: Ball 2-0: Called Strike 2-1: Foul Ball, location: 2F 2-2: Foul Ball, location: 2F 2-2: Ball 3-2: Foul Ball, location: 2F 3-2: Base on Balls José Cervantes to second
|
Batting: RHB António Delgado
|
0-0: Called Strike 0-1: Swinging Strike 0-2: Ball 1-2: Strikes out swinging
|
Bottom of the 4th over - 0 run(s), 0 hit(s), 0 error(s), 3 left on base; Harrisburg 0 - Alameda 2 |
TOP OF THE 5TH |
Harrisburg Harriers batting - Pitching for Alameda Airmen : LHP Finn Wuilink
|
Batting: RHB Martín Álvarez
|
0-0: Foul Ball, location: 2F 0-1: Hit by Pitch
|
Batting: RHB Patrizio Vanali
|
0-0: Swinging Strike 0-1: Ball 1-1: Swinging Strike 1-2: Strikes out swinging
|
Batting: RHB Bartolo Benítez
|
0-0: Called Strike 0-1: Called Strike 0-2: Grounds into double play, 6-4-3 (Groundball, 6)
|
Top of the 5th over - 0 run(s), 0 hit(s), 0 error(s), 0 left on base; Harrisburg 0 - Alameda 2 |
BOTTOM OF THE 5TH |
Alameda Airmen batting - Pitching for Harrisburg Harriers : LHP Jeff Schneider
|
Batting: RHB William Miles
|
0-0: Foul Ball, location: 2F 0-1: Fly out, F6 (Line Drive, 6)
|
Batting: SHB Burton Storey
|
0-0: Ball 1-0: Foul Ball, location: 2F 1-1: Ground out 5-3 (Groundball, 56)
|
Batting: RHB Gabriel Juárez
|
0-0: Ball 1-0: Fly out, F8 (Flyball, 8LM)
|
Bottom of the 5th over - 0 run(s), 0 hit(s), 0 error(s), 0 left on base; Harrisburg 0 - Alameda 2 |
TOP OF THE 6TH |
Harrisburg Harriers batting - Pitching for Alameda Airmen : LHP Finn Wuilink
|
Batting: RHB Jim Scott
|
0-0: Called Strike 0-1: Foul Ball, location: 2F 0-2: Ball 1-2: Ball 2-2: Fly out, F8 (Flyball, 8LM)
|
Batting: RHB Mike Greene
|
0-0: Called Strike 0-1: Ball 1-1: Called Strike 1-2: Foul Ball, location: 2F 1-2: Foul Ball, location: 2F 1-2: SINGLE (Line Drive, 7S)
|
Batting: RHB Robbie Chambers
|
0-0: Called Strike 0-1: Foul Ball, location: 2F 0-2: Ball 1-2: Strikes out looking
|
Batting: RHB Bartolo Morales
|
0-0: Fly out, F6 (Line Drive, 6)
|
Top of the 6th over - 0 run(s), 1 hit(s), 0 error(s), 1 left on base; Harrisburg 0 - Alameda 2 |
BOTTOM OF THE 6TH |
Alameda Airmen batting - Pitching for Harrisburg Harriers : LHP Jeff Schneider
|
Batting: RHB Juan Márquez
|
0-0: Ball 1-0: Ground out 4-3 (Groundball, 4)
|
Batting: RHB Manuel Martínez
|
0-0: Called Strike 0-1: Called Strike 0-2: Ball 1-2: Ground out 6-3 (Groundball, 6)
|
Batting: RHB Marco Altichioro
|
0-0: Ball 1-0: Fly out, F6 (Popup, 6)
|
Bottom of the 6th over - 0 run(s), 0 hit(s), 0 error(s), 0 left on base; Harrisburg 0 - Alameda 2 |
TOP OF THE 7TH |
Harrisburg Harriers batting - Pitching for Alameda Airmen : LHP Finn Wuilink
|
Batting: LHB Eric Porter
|
0-0: Ball 1-0: Called Strike 1-1: SINGLE (Line Drive, 56D)
|
Batting: RHB Keith MacKey
|
0-0: Ball 1-0: Foul Ball, location: 2F 1-1: Swinging Strike 1-2: Foul Ball, location: 2F 1-2: Strikes out swinging
|
Batting: RHB Martín Álvarez
|
0-0: Ball 1-0: Ball 2-0: Called Strike 2-1: Swinging Strike 2-2: Foul Ball, location: 2F 2-2: Strikes out swinging
|
Batting: RHB Patrizio Vanali
|
0-0: Ground out 1-3 (Groundball, 13)
|
Top of the 7th over - 0 run(s), 1 hit(s), 0 error(s), 1 left on base; Harrisburg 0 - Alameda 2 |
BOTTOM OF THE 7TH |
Alameda Airmen batting - Pitching for Harrisburg Harriers : LHP Jeff Schneider
|
Batting: RHB José Cervantes
|
0-0: Called Strike 0-1: Ball 1-1: Ball 2-1: Swinging Strike 2-2: Ball 3-2: Base on Balls
|
Batting: RHB Edgar García
|
0-0: Called Strike 0-1: Sac Bunt - play at first, batter OUT! 1-4 José Cervantes to second
|
Batting: RHB António Delgado
|
0-0: Fly out, F8 (Flyball, 8RM)
|
Batting: RHB William Miles
|
0-0: Called Strike 0-1: Ball 1-1: Ball 2-1: Ball Wild Pitch! José Cervantes to third 3-1: Base on Balls
|
Batting: SHB Burton Storey
|
0-0: Ball 1-0: Called Strike 1-1: Ball 2-1: Ground out 6-3 (Groundball, 6)
|
Bottom of the 7th over - 0 run(s), 0 hit(s), 0 error(s), 2 left on base; Harrisburg 0 - Alameda 2 |
TOP OF THE 8TH |
Harrisburg Harriers batting - Pitching for Alameda Airmen : LHP Finn Wuilink
|
Batting: RHB Bartolo Benítez
|
0-0: Foul Ball, location: 2F 0-1: Ball 1-1: SINGLE (Flyball, 89S)
|
Batting: RHB Jim Scott
|
0-0: Ball 1-0: Called Strike 1-1: Ball 2-1: SINGLE (Line Drive, 6MD) Bartolo Benítez to second
|
Batting: RHB Mike Greene
|
0-0: Ball 1-0: Sac Bunt - play at first, batter OUT! 1-4 Bartolo Benítez to third Jim Scott to second
|
Batting: RHB Robbie Chambers
|
0-0: Foul Ball, location: 2F 0-1: SINGLE (Line Drive, 56D) Bartolo Benítez scores Jim Scott to third
|
Batting: RHB Bartolo Morales
|
0-0: Foul Ball, location: 2F 0-1: Ball 1-1: Fly out, F7 (Flyball, 7M) Runner from 3rd tags up, OUT at HOME
|
Top of the 8th over - 1 run(s), 3 hit(s), 0 error(s), 1 left on base; Harrisburg 1 - Alameda 2 |
BOTTOM OF THE 8TH |
Alameda Airmen batting - Pitching for Harrisburg Harriers : LHP Jeff Schneider
|
Batting: RHB Gabriel Juárez
|
0-0: Hit by Pitch
|
Batting: RHB Juan Márquez
|
0-0: Ball 1-0: Ball 2-0: Grounds into double play, 5-4-3 (Groundball, 56)
|
Batting: RHB Manuel Martínez
|
0-0: Fly out, F9 (Flyball, 9M)
|
Bottom of the 8th over - 0 run(s), 0 hit(s), 0 error(s), 0 left on base; Harrisburg 1 - Alameda 2 |
TOP OF THE 9TH |
Harrisburg Harriers batting - Pitching for Alameda Airmen : LHP Finn Wuilink
|
Pinch Hitting: SHB Jim Unknown
|
0-0: Called Strike 0-1: Fly out, F8 (Flyball, 8LXD)
|
Batting: RHB Keith MacKey
|
0-0: Ball 1-0: Ground out 5-3 (Groundball, 56)
|
Batting: RHB Martín Álvarez
|
0-0: Called Strike 0-1: Foul Ball, location: 2F 0-2: Ball 1-2: SINGLE (Groundball, 4M)
|
Pitching: RHP Jaime van de Weideven
|
|
Batting: RHB Patrizio Vanali
|
0-0: Ball 1-0: Ball 2-0: Foul Ball, location: 2F 2-1: Ball 3-1: Base on Balls Martín Álvarez to second
|
Pinch Hitting: LHB Jim Unknown
|
0-0: Called Strike 0-1: Ball 1-1: Ball 2-1: Ball 3-1: Base on Balls Martín Álvarez to third Patrizio Vanali to second
|
Pinch Hitting: SHB Jim Unknown
|
0-0: Called Strike 0-1: Ground out U3 (Groundball, 3)
|
Top of the 9th over - 0 run(s), 1 hit(s), 0 error(s), 3 left on base; Harrisburg 1 - Alameda 2 |
|